 Dungeon Crawl Stone Soup version 0.31.0-12-g77e489cdc1 (webtiles) character file.

Game seed: 2654852914720891616

45467 cdecastro the Mimic (level 14, 0/124 HPs)
             Began as a Red Draconian Shapeshifter on Feb 28, 2024.
             Was the Champion of Dithmenos.
             Slain by a wolf spider (5 damage)
             ... on level 15 of the Dungeon.
             The game lasted 00:44:26 (18002 turns).

cdecastro the Mimic (Red Draconian Shapeshifter)   Turns: 18002, Time: 00:44:26

Health: 0/124      AC:  6    Str: 18    XL:     14   Next: 1%
Magic:  0/14       EV: 16    Int: 15    God:    Dithmenos [******]
Gold:   452        SH:  0    Dex: 11    Spells: 13/13 levels left

rFire   + .          .
                       - Unarmed
rCold   . . .        (no shield)
rNeg    . . .        (body armour unavailable)
rPois   +            (helmet restricted)
rElec   .            (no cloak)
rCorr   .            Q - +0 pair of gloves
SInv    +            y - +0 pair of boots
Will    +....        L - amulet of guardian spirit
Stlth   ++           E - +4 ring of protection
HPRegen 0.40/turn    v - ring of Bevogh {rPois Int+4 Dex-3 SInv}
MPRegen 0.14/turn

%: guardian spirit
@: maw-form, corroded, wreathed by umbra
A: devouring maw, breathe fire, AC +8, unfitting armour, fire resistance 1,
cold-blooded
a: Breathe Fire, Begin Untransformation, Renounce Religion, Shadow Step, Shadow
Form


You were on level 15 of the Dungeon.
You worshipped Dithmenos.
Dithmenos was exalted by your worship.
You were a creature with a mouth for a stomach.
You visited 2 branches of the dungeon, and saw 16 of its levels.

You collected 872 gold pieces.
You spent 420 gold pieces at shops.

Inventory:

Hand Weapons
 P - a +4 orcbow
Armour
 y - a +0 pair of boots (worn)
 Q - a +0 pair of gloves (worn)
Magical Staves
 u - a staff of alchemy
 w - a staff of earth
 x - a staff of conjuration
Jewellery
 t - a ring of magical power
 v - the ring of Bevogh (right hand) {rPois Int+4 Dex-3 SInv}
   (You found it on level 6 of the Dungeon)

   [ring of see invisible]

   Int+4:     It affects your intelligence (+4).
   Dex-3:     It affects your dexterity (-3).
   rPois:     It protects you from poison SInv: It lets you see invisible.
 A - a ring of protection from fire
 E - a +4 ring of protection (left hand)
 F - a +6 ring of strength
 L - an amulet of guardian spirit (around neck)
 O - an amulet of reflection
 S - a ring of fire
Talismans
 b - a beast talisman
 c - a flux talisman
 m - a storm talisman
 N - a serpent talisman
 T - a maw talisman (active)
Wands
 p - a wand of roots (24)
 r - a wand of charming (28)
 G - a wand of mindburst (18)
 I - a wand of flame (14)
 K - a wand of light (3)
 U - a wand of polymorph (11)
Scrolls
 a - a scroll of immolation {unknown}
 e - 4 scrolls of poison
 f - 3 scrolls of amnesia
 g - 2 scrolls of fear {unknown}
 h - 2 scrolls of vulnerability
 i - 3 scrolls of enchant armour {unknown}
 k - 4 scrolls of noise {unknown}
 l - 2 scrolls of fog
 n - 2 scrolls of revelation
 q - 2 scrolls of teleportation
 C - 2 scrolls of blinking {unknown}
 D - a scroll of enchant weapon {unknown}
Potions
 d - 2 potions of mutation
 j - 16 potions of curing
 o - 7 potions of brilliance
 s - 2 potions of resistance
 B - a potion of berserk rage
 H - a potion of attraction
 J - 2 potions of haste
 M - 2 potions of enlightenment
 R - a potion of ambrosia
 V - a potion of heal wounds


   Skills:
 - Level 11.3 Fighting
 * Level 11.5 Dodging
 - Level 11.4 Unarmed Combat
 + Level 14.5 Shapeshifting


You had 13 spell levels left.
You didn't know any spells.
Your spell library contained the following spells:

 Spells                   Type           Power      Damage    Failure   Level
 Apportation              Tloc           0%         N/A       26%         1
 Freeze                   Ice            0%         1d3       26%         1
 Magic Dart               Conj           0%         1d3       26%         1
 Blink                    Tloc           0%         N/A       38%         2
 Call Imp                 Summ           0%         N/A       38%         2
 Jinxbite                 Hex            0%         N/A       38%         2
 Sublimation of Blood     Necr           0%         N/A       38%         2
 Dazzling Flash           Conj/Hex       0%         N/A       63%         3
 Frozen Ramparts          Ice            0%         1d1       63%         3
 Fugue of the Fallen      Necr           0%         N/A       63%         3
 Hailstorm                Conj/Ice       0%         3d5       63%         3
 Inner Flame              Hex/Fire       0%         N/A       63%         3
 Mephitic Cloud           Conj/Alch/Air  0%         N/A       63%         3
 Ozocubu's Armour         Ice            0%         N/A       63%         3
 Summon Ice Beast         Ice/Summ       0%         N/A       63%         3
 Swiftness                Air            0%         N/A       63%         3
 Vampiric Draining        Necr           0%         2d6       63%         3
 Dispel Undead            Necr           0%         3d6       95%         4
 Leda's Liquefaction      Alch/Erth      0%         N/A       95%         4
 Petrify                  Alch/Erth      0%         N/A       95%         4
 Alistair's Intoxication  Alch           0%         N/A       100%        5
 Borgnjor's Vile Clutch   Necr/Erth      0%         N/A       100%        5
 Curse of Agony           Necr           0%         N/A       100%        5
 Irradiate                Conj/Alch      0%         3d11      100%        5
 Metabolic Englaciation   Hex/Ice        0%         N/A       100%        5
 Silence                  Hex/Air        0%         N/A       100%        5
 Sculpt Simulacrum        Ice/Alch       0%         N/A       100%        6
 Haunt                    Necr/Summ      0%         N/A       100%        7
 Summon Hydra             Summ           0%         N/A       100%        7
 Borgnjor's Revivificati  Necr           0%         N/A       100%        8
 Ignition                 Fire           0%         3d3       100%        8
 Maxwell's Capacitive Co  Air            0%         ∞         100%        8
 Chain Lightning          Conj/Air       0%         N/A       100%        9
 Death's Door             Necr           0%         N/A       100%        9


Dungeon Overview and Level Annotations

Branches:
Dungeon (15/15)            Temple (1/1) D:7            Lair (0/5) D:8
    Orc (0/2) D:9          Vaults (0/5) D:13         Depths (0/4) D:15

Altars:
Ashenzari
Cheibriados
Dithmenos
Elyvilon
Fedhas
Gozag
Hepliaklqana
Kikubaaqudgha
Makhleb
Nemelex Xobeh
Okawaru
Qazlal
Ru
Sif Muna
Trog
Uskayaw
Vehumet
Wu Jian
Xom
Yredelemnul
Zin
The Shining One

Shops:
D:5 (=(

Portals:
Trove: D:13 (give +3 fire dragon scales)

Annotations:
D:3 2 transporters, Lhightning's ghost, weakling DESu
D:9 vault need rc


Innate Abilities, Weirdness & Mutations

You are a creature with a mouth for a stomach.
Your midsection houses a second, enormous mouth.
You can breathe blasts of fire.
Your fiery red scales are hard. (AC +8)
You cannot fit into any form of body armour.
Your flesh is heat resistant. (rF+)
You are cold-blooded and may be slowed by cold attacks.


Message History

* * * LOW HITPOINT WARNING * * *
You hit the brown ugly thing.
You punch the brown ugly thing, but do no damage.
Your bite misses the brown ugly thing.
The brown ugly thing is heavily wounded.
Your shadow hits the brown ugly thing but does no damage.
The brown ugly thing claws you!
* * * LOW HITPOINT WARNING * * *
The acid corrodes you!
You are splashed with acid!
* * * LOW HITPOINT WARNING * * *
You hit the brown ugly thing but do no damage.
The brown ugly thing is heavily wounded.
Unknown command.
You barely miss the brown ugly thing. You tail-slap the brown ugly thing.
The brown ugly thing is heavily wounded.
Your shadow hits the brown ugly thing but does no damage.
The brown ugly thing claws you.
* * * LOW HITPOINT WARNING * * *
You are splashed with acid.
* * * LOW HITPOINT WARNING * * *
As you read the scroll of teleportation, it crumbles to dust.
You feel strangely unstable.
The brown ugly thing closely misses you.
Okay, then.
Unknown command.
The brown ugly thing attacks as it pursues you!
The brown ugly thing barely misses you.
Your surroundings suddenly seem different.
A wolf spider comes into view.
Unknown command.
The wolf spider's many legs skitter.
The wolf spider hits you!
* * * LOW HITPOINT WARNING * * *
The wolf spider bites you but does no damage.
You hit the wolf spider.
The wolf spider is lightly wounded.
The wolf spider hits you!!
* * * LOW HITPOINT WARNING * * *
The wolf spider bites you.
You die...

#.##..###.#....#.##.###.# #
#.##...........#.....##.#####
#............................
#..#..##.....................
##..#..##..#..................
#..........##..#..............
##..#.........................
#####....###..##.[#..............
#......#.###..##W................
##.###.#.##...#s...........#.##..
#.# #...........................
#.###.#.##.................^.#..
#.....#.##.####..#......#.#.##.#
#####.#.##.# #..........#.#.##..
#......# #..........#.####..
#.#.#### #...####...#.# #.. #.#.#
###...# #...########


You could see a wolf spider.

Vanquished Creatures
  Azrael (D:14)
  2 vault guards
  2 boulder beetles
  7 centaur warriors
  4 two-headed ogres
  17 ugly things
  A harpy (shapeshifter) (D:13)
  2 arcanists (D:13)
  A wolf spider zombie (D:14)
  A necromancer (D:13)
  4 deep elf pyromancers
  3 manticores
  A salamander (D:15)
  4 cyclopes
  A meliai (shapeshifter) (D:12)
  An elephant (D:8)
  Joseph (D:8)
  A centaur zombie (D:14)
  2 black mambas (shapeshifter)
  2 gargoyles (D:13)
  Maggie (D:8)
  2 centaur skeletons (D:14)
  An unseen horror (D:10)
  A yaktaur (D:13)
  4 kobold demonologists
  A komodo dragon (D:11)
  A tengu conjurer (D:14)
  2 freezing wraiths (D:15)
  6 trolls
  Psyche (D:9)
  A queen bee (D:8)
  A queen bee (shapeshifter) (D:15)
  A raiju (shapeshifter) (D:13)
  6 slime creatures (D:14)
  Sigmund (D:4)
  A shadow (D:12)
  3 wyverns
  2 wraiths
  15 yaks
  A fire elemental (D:14)
  15 humans
  2 basilisks
  3 hell hounds (D:14)
  2 acid dragons
  A water moccasin (D:9)
  A black bear (D:6)
  4 orc warriors
  An ice beast (D:6)
  3 ogres
  4 sky beasts
  3 boggarts (D:11)
  14 centaurs
  A phantom (D:4)
  3 kobold brigands
  2 bullfrogs
  A brain worm (D:13)
  2 gnoll sergeants
  8 scorpions
  4 wights (D:8)
  30 killer bees
  7 howler monkeys
  2 bombardier beetles (D:4)
  A gnoll bouda (D:6)
  4 hounds
  2 jellies
  7 orc priests
  A sleepcap (D:5)
  2 iguanas
  14 orc wizards
  A boggart simulacrum (D:14)
  Robin (D:3)
  7 adders
  18 gnolls
  14 white imps
  2 ufetubi (D:7)
  A dart slug (D:1)
  30 orcs
  6 endoplasms
  6 giant cockroaches
  23 goblins
  12 hobgoblins
  7 jackals
  4 quokkas
  5 ball pythons
  8 bats
  2 frilled lizards (D:1)
  16 kobolds
  5 rats (D:1)
  A butterfly (D:7)
423 creatures vanquished.

Vanquished Creatures (collateral kills)
  An arcanist (D:13)
  A human (D:13)
2 creatures vanquished.

Grand Total: 425 creatures vanquished

Notes
Turn   | Place    | Note
-------+----------+-------------------------------------------
     0 | D:1      | cdecastro the Draconian Shapeshifter began the quest for
                  | the Orb.
     0 | D:1      | Reached XP level 1. HP: 16/16 MP: 1/1
   133 | D:1      | Reached XP level 2. HP: 23/23 MP: 2/2
   506 | D:1      | Reached XP level 3. HP: 28/28 MP: 3/3
   970 | D:2      | Reached skill level 4 in Shapeshifting
  1314 | D:3      | Noticed a shining eye
  1315 | D:3      | Found a faded altar of an unknown god.
  1319 | D:3      | Noticed an eye of devastation
  1320 | D:3      | Noticed a shining eye
  1320 | D:3      | Noticed a golden eye
  1337 | D:3      | Prayed at the altar of an unknown god.
  1337 | D:3      | Became a worshipper of Dithmenos the Shadowed
  1337 | D:3      | Reached * piety under Dithmenos
  1385 | D:3      | Noticed Robin
  1625 | D:3      | Reached XP level 4. HP: 35/35 MP: 4/4
  1758 | D:3      | Noticed a necrophage
  1763 | D:3      | Found a transporter.
  1833 | D:3      | Found a transporter.
  1838 | D:3      | Noticed Lhightning's ghost (weakling DESu)
  2115 | D:3      | Killed Robin
  2182 | D:4      | Noticed Sigmund
  2273 | D:4      | Noticed a scorpion
  2294 | D:3      | Reached XP level 5. HP: 37/40 MP: 5/5
  2347 | D:3      | Reached ** piety under Dithmenos
  2348 | D:3      | Reached skill level 5 in Shapeshifting
  2723 | D:3      | Reached XP level 6. HP: 33/47 MP: 6/6
  2886 | D:4      | Killed Sigmund
  2887 | D:4      | Reached skill level 5 in Unarmed Combat
  2887 | D:4      | Reached skill level 6 in Shapeshifting
  3086 | D:4      | Your scales start taking on a fiery red colour.
  3086 | D:4      | Reached XP level 7. HP: 48/52 MP: 7/7
  3086 | D:4      | Gained mutation: Your flesh is heat resistant. (rF+) [Red
                  | Draconian growth]
  3300 | D:5      | Entered Level 5 of the Dungeon
  3389 | D:5      | Found a white marble altar of Elyvilon.
  3412 | D:5      | Reached skill level 7 in Shapeshifting
  3448 | D:5      | Found a transporter.
  3452 | D:5      | Found Midall's Jewellery Boutique.
  3655 | D:5      | Found Wecs's Weapon Shoppe.
  3744 | D:5      | Found a hide-covered altar of Uskayaw.
  3826 | D:4      | Reached XP level 8. HP: 17/59 MP: 8/8
  4102 | D:5      | Found a transporter.
  4299 | D:5      | Found Hele's Antique Weapon Shop.
  4482 | D:6      | Got the Dissertation on Feathers
  4490 | D:6      | Identified the ring of Bevogh {rPois Int+4 Dex-3 SInv}
  4500 | D:6      | Reached skill level 8 in Shapeshifting
  4572 | D:6      | Reached *** piety under Dithmenos
  4981 | D:6      | Found a radiant altar of Vehumet.
  5308 | D:7      | Found a staircase to the Ecumenical Temple.
  5315 | Temple   | Entered the Ecumenical Temple
  5356 | D:7      | Reached XP level 9. HP: 61/64 MP: 9/9
  5430 | D:7      | Reached skill level 9 in Shapeshifting
  6319 | D:7      | Found a broken altar of Ashenzari.
  6503 | D:8      | Noticed a two-headed ogre
  6533 | D:8      | Reached **** piety under Dithmenos
  6567 | D:8      | a two-headed ogre changed into an elephant
  6567 | D:8      | Noticed an elephant
  6580 | D:8      | Killed an elephant
  6695 | D:8      | Reached skill level 10 in Unarmed Combat
  6800 | D:8      | Noticed Joseph
  7174 | D:8      | Noticed a queen bee
  7243 | D:8      | Killed Joseph
  7244 | D:8      | Reached skill level 10 in Shapeshifting
  7244 | D:8      | Reached XP level 10. HP: 49/71 MP: 10/10
  7373 | D:8      | Noticed Maggie
  7383 | D:8      | Killed Maggie
  7699 | D:8      | Found a staircase to the Lair.
  8079 | D:8      | HP: 3/71 [poisoned by a killer bee]
  8933 | D:9      | Noticed a two-headed ogre
  8943 | D:9      | Killed a two-headed ogre
  8944 | D:9      | Reached skill level 5 in Fighting
  8985 | D:9      | Reached ***** piety under Dithmenos
  9149 | D:9      | Found a flagged portal.
  9280 | D:9      | Reached skill level 11 in Shapeshifting
  9431 | D:9      | Reached XP level 11. HP: 91/91 MP: 11/11
  9571 | D:9      | Noticed Psyche
  9584 | D:9      | Killed Psyche
  9731 | D:9      | Found a staircase to the Orcish Mines.
  9957 | D:10     | Entered Level 10 of the Dungeon
  9973 | D:10     | Noticed a boulder beetle
 10002 | D:10     | Killed a boulder beetle
 10576 | D:10     | Found a glowing silver altar of Zin.
 10576 | D:10     | Found a bloodstained altar of Trog.
 11492 | D:11     | Identified the +3 battleaxe of Ysuuppeym {heavy, *Rage
                  | rElec rF++ Int+2}
 11948 | D:12     | Noticed a boulder beetle
 11960 | D:12     | Killed a boulder beetle
 11961 | D:12     | Reached skill level 10 in Fighting
 12093 | D:12     | Found a sacrificial altar of Ru.
 12102 | D:12     | Reached skill level 12 in Shapeshifting
 12209 | D:12     | Identified the +6 long sword "Pawniroh" {spect, Dex+6}
 12419 | D:12     | Noticed a deep elf pyromancer
 12429 | D:12     | Killed a deep elf pyromancer
 12727 | D:13     | Reached XP level 12. HP: 81/110 MP: 12/12
 12787 | D:13     | Noticed a centaur warrior
 12797 | D:13     | Killed a centaur warrior
 12884 | D:13     | Noticed a centaur warrior
 13236 | D:12     | Killed a centaur warrior
 13358 | D:13     | Noticed a centaur warrior
 13364 | D:13     | Killed a centaur warrior
 13543 | D:13     | Noticed a centaur warrior
 13559 | D:13     | Killed a centaur warrior
 13653 | D:13     | Noticed an entropy weaver
 13770 | D:13     | Reached skill level 5 in Dodging
 13974 | D:13     | Found a portal to a secret trove of treasure.
 14302 | D:13     | Reached skill level 13 in Shapeshifting
 14337 | D:13     | Noticed a vault guard
 14345 | D:13     | Noticed a vault guard
 14537 | D:12     | Killed a vault guard
 14746 | D:5      | Bought a maw talisman for 420 gold pieces
 14925 | D:13     | Killed a vault guard
 15074 | D:13     | Found a gate to the Vaults.
 15194 | D:14     | Noticed a centaur warrior
 15203 | D:14     | Killed a centaur warrior
 15355 | D:14     | Noticed an entropy weaver
 15390 | D:14     | Reached XP level 13. HP: 115/116 MP: 11/13
 15512 | D:14     | Reached ****** piety under Dithmenos
 15705 | D:14     | Noticed Azrael
 15730 | D:14     | Killed Azrael
 16674 | D:14     | Reached skill level 14 in Shapeshifting
 16732 | D:14     | Reached skill level 10 in Dodging
 16817 | D:15     | Entered Level 15 of the Dungeon
 17529 | D:15     | Got the Notes on Mortification
 17554 | D:15     | Noticed a dire elephant
 17925 | D:15     | Found a staircase to the Depths.
 17990 | D:15     | Reached XP level 14. HP: 103/124 MP: 6/14
 18002 | D:15     | HP: 5/124 [wolf spider (20)]
 18002 | D:15     | Slain by a wolf spider

Illustrated notes

Levels and vault maps discovered:
D:1:      dpeg_arrival_windows_large_door, layout_loops_cross,
          serial_park_tiny_pond
D:2:      layout_rooms
D:3:      layout_basic, hellmonk_ecumenical_altar_watching_god,
          gammafunk_ghost_mausoleum, uniq_robin
D:4:      layout_rooms, minmay_between, uniq_sigmund
D:5:      layout_loops_ring, eat_drink_and_be_merry_uskayaw,
          general_overflow_altar, serial_shops, nicolae_shop_stone,
          nicolae_shop_drivethru, nicolae_shop_tiny_real_fake_doors
D:6:      layout_basic, vehumet_crystals, nicolae_zen_rock_garden,
          minmay_misc_feat_chi
D:7:      layout_rooms, marbit_many_paths, minmay_temple_entry_butterflies
D:8:      layout_loops_ring, lair_entry_dummy, nicolae_looking_at_the_future,
          uniq_maggie, uniq_joseph
D:9:      lemuel_ice_spiral_2, layout_basic, orc_0_dummy, enter_bailey_3,
          uniq_psyche
D:10:     layout_roguey, gammafunk_temple_overflow_pools, nzn_sisyphean_effort
D:11:     layout_cave_pods
D:12:     layout_cave_pools, nicolae_ru_awakened_eye
D:13:     layout_grid_maze, grunt_vaults_entry_tiered,
          portal_ice_cave_entry_imps, enter_trove_0
D:14:     layout_basic, serial_curves, eino_curves_03, eino_curves_04,
          hangedman_weighted_door, uniq_azrael
D:15:     hangedman_depths_entry_try_elsewhere_first, layout_basic,
          hex_intersection
Temple:   nicolae_temple_superstar

Skill      XL: |  1  2  3  4  5  6  7  8  9 10 11 12 13 |
---------------+----------------------------------------+-----
Shapeshifting  | 4 5 6 7 8 10 11 12 13 14 | 14.5
Unarmed Combat | 4 5 6 8 10 11 | 11.4
Fighting       | 6 11 | 11.3
Dodging        | 7 11 | 11.5

Action                     |  1- 3 |  4- 6 |  7- 9 | 10-12 | 13-15 || total
---------------------------+-------+-------+-------+-------+-------++-------
  Melee: Unarmed           |   114 |   150 |   358 |   627 |   239 ||  1488
         Tailslap          |     2 |    14 |    56 |   117 |    40 ||   229
         Punch             |     2 |     5 |       |     1 |    28 ||    36
         Maw               |       |       |       |     8 |    92 ||   100
Ability: Breathe Fire      |       |       |    14 |    36 |    24 ||    74
  Evoke: Wand              |       |       |     4 |     9 |     1 ||    14
    Use: Scroll            |     6 |       |     4 |     1 |     7 ||    18
         Potion            |     2 |     2 |     1 |     2 |     3 ||    10
   Stab: Sleeping          |     1 |       |     1 |       |     1 ||     3
         Invisible         |       |       |       |       |    11 ||    11
 Armour: Skin              |    68 |    94 |   194 |   437 |   152 ||   945
  Dodge: Dodged            |    95 |   108 |   316 |   596 |   117 ||  1232
   Form: Flux              |       |       |     1 |       |       ||     1
         Maw               |       |       |       |     1 |       ||     1
